 Dungeon Crawl Stone Soup version 0.14-a0-1844-g8283a67 (webtiles) character file.

157 Jenx the Poker (level 4, 0/37 HPs)
             Began as a Hill Orc Skald on Jan 11, 2014.
             Slain by an orc priest
             ... wielding a +0,+0 orcish mace
              (4 damage)
             ... on Level 3 of the Dungeon.
             The game lasted 00:06:08 (1975 turns).

Jenx the Poker (Hill Orc Skald)                     Turns: 1975, Time: 00:06:08

HP   0/37        AC  8     Str 14      XL: 4   Next: 53%
MP   6/6         EV  8     Int 13      God:
Gold 69          SH  0     Dex 10      Spells:  2 memorised,  3 levels left

rFire  . . .     SeeInvis .     a - +1,+2 spear (slay drac) (curse)
rCold  . . .     Clarity  .     u - +2 scale mail
rNeg   . . .     Conserve .     (no shield)
rPois  .         rCorr    .     (no helmet)
rElec  .         rRot     .     (no cloak)
SustAb . .       Spirit   .     (no gloves)
rMut   .         Warding  .     (no boots)
Saprov + . .     Stasis   .     (no amulet)
                                (no ring)
                                (no ring)

@: slightly resistant to hostile enchantments, extremely unstealthy
A: saprovore 1
a: Convert to Beogh


You were on level 3 of the Dungeon.
You were not hungry.

You visited 1 branch of the dungeon, and saw 3 of its levels.

You collected 69 gold pieces.

Inventory:

Hand weapons
 a - a cursed +1,+2 spear of dragon slaying (weapon)
 f - a +0,+0 orcish spear
Missiles
 b - 3 darts of frost (quivered)
Armour
 j - a +0 ring mail
 u - a +2 scale mail (worn)
Comestibles
 d - a meat ration
 k - a chunk of adder flesh
 n - an apple
 w - a rotting chunk of rat flesh
 x - a pear
Scrolls
 e - a scroll of curse weapon
 g - a scroll of identify
 o - 2 scrolls of enchant weapon I
Potions
 h - a potion of restore abilities {unknown}
 i - a potion of curing {unknown}
 l - a potion of might {unknown}
 s - a potion of invisibility {unknown}
 t - a potion of paralysis {unknown}
Books
 c - a book of Battle

   Spells                             Type                      Level
   *Infusion                          Charms                       1
   *Shroud of Golubria                Charms/Translocation         2
   Song of Slaying                    Charms                       2
   Spectral Weapon                    Hexes/Charms                 3
   Regeneration                       Charms/Necromancy            3


   Skills:
 - Level 2.4 Fighting
 * Level 5.0 Polearms
 - Level 1.1 Armour
 - Level 0.7 Dodging
 - Level 1.5 Spellcasting
 - Level 2.6 Charms


You had 3 spell levels left.
You knew the following spells:

 Your Spells              Type           Power        Failure   Level  Hunger
a - Infusion              Chrm           #.....       50%         1    ##.....
b - Shroud of Golubria    Chrm/Tloc      #.........   96%         2    ###....


Dungeon Overview and Level Annotations

Branches:
Dungeon (3/16)

Altars:


Innate Abilities, Weirdness & Mutations

You can tolerate rotten meat.


Message History

You hit the orc priest.
The orc priest shouts, "Join the one true god or die!"
The orc priest is lightly wounded.
The orc priest shouts, "Surrender to Beogh and we'll let you live!"
The orc priest closely misses you.
You hit the orc priest but do no damage.
The orc priest shouts, "Join the one true god or die!"
The orc priest is lightly wounded.
The orc priest shouts, "Beogh is our master!
Accept the truth or die!"
The orc priest hits you but does no damage.
You hit the orc priest but do no damage.
The orc priest shouts, "Surrender to Beogh and we'll let you live!"
The orc priest is lightly wounded.
You closely miss the orc priest.
The orc priest is lightly wounded.
The orc priest barely misses you.
You barely miss the orc priest.
The orc priest is lightly wounded.
The orc priest hits you with an orcish mace.
You die...

.###....# ..<.....#
#...o....# #.(#
##(# #(# #.#
#.######o#
#......@.#
########.# ######.#
#.....#.#
###########.####.##
#...........[# ##
#.#########..# #.#
#..# #<# #..#


You could see an orc priest.

Vanquished Creatures
  3 adders
  An ooze (D:2)
  3 orcs (D:3)
  2 giant cockroaches
  2 hobgoblins
  10 jackals
  6 kobolds
  6 bats
  3 giant geckos
  4 giant newts
  6 goblins (D:1)
  4 rats
50 creatures vanquished.

Notes
Turn   | Place    | Note
--------------------------------------------------------------
     0 | D:1      | Jenx, the Hill Orc Skald, began the quest for the Orb.
     0 | D:1      | Reached XP level 1. HP: 18/18 MP: 2/2
   279 | D:1      | Reached XP level 2. HP: 2/25 MP: 0/3
   279 | D:1      | HP: 1/25 [goblin/dagger (1)]
   281 | D:1      | Reached skill level 3 in Polearms
   867 | D:1      | Reached XP level 3. HP: 26/30 MP: 0/5
   877 | D:1      | Learned a level 2 spell: Shroud of Golubria
  1014 | D:2      | Reached skill level 4 in Polearms
  1487 | D:2      | Reached XP level 4. HP: 37/37 MP: 6/6
  1908 | D:3      | Reached skill level 5 in Polearms
  1975 | D:3      | Slain by an orc priest

Action                   |  1- 3 |  4- 6 || total
-------------------------+-------+-------++-------
Melee: Spear             |   164 |    48 ||   212
Throw: Dart              |     1 |     3 ||     4
 Cast: Infusion          |     3 |       ||     3
  Use: Scroll            |       |     6 ||     6
